[Event "Early-Titled-Tuesday-Blitz-September-05-2023"]
[Site "Chess.com"]
[Date "2023.09.05"]
[Round "7"]
[White "Fandorine"]
[Black "dosto07"]
[Result "1-0"]
[WhiteElo "2901"]
[BlackElo "2506"]
[TimeControl "180+1"]
[EndTime "9:16:23 PDT"]
[Termination "Fandorine won by checkmate"]

1. c4 e5 2. g3 Nf6 3. Bg2 d5 4. cxd5 Nxd5 5. Nf3 Nc6 6. O-O Nb6 7. b3 Be7 8. Bb2 f6 9. Qc1 O-O 10. Rd1 Bg4 11. Nc3 Qd7 12. Ne4 f5 13. Nc5 Bxc5 14. Qxc5 e4 15. Ne5 Nxe5 16. Bxe5 Bxe2 17. Re1 Bd3 18.
Qxc7 Rac8 19. Qxd7 Nxd7 20. Bc3 Rfe8 21. f3 Nc5 22. Bd4 b6 23. Bxc5 Rxc5 24. fxe4 fxe4 25.
Rac1 Ree5 26. Kf2 g5 27. Ke3 Ra5 28. Rc8+ Kf7 29. a4 b5 30. Rc7+ Kg6 31. Rec1 Ra6 32.
R1c6+ Rxc6 33. Rxc6+ Kf5 34. Rh6 bxa4 35. g4+ Kxg4 36.
Bh3# 1-0

[Event "Early-Titled-Tuesday-Blitz-September-05-2023"]
[Site "Chess.com"]
[Date "2023.09.05"]
[Round "7"]
[White "campochess"]
[Black "Gyulamiryan-koryun"]
[Result "1-0"]
[WhiteElo "2183"]
[BlackElo "2052"]
[TimeControl "180+1"]
[EndTime "9:16:26 PDT"]
[Termination "campochess won by checkmate"]

1. d4 Nf6 2. Bg5 d5 3. Nd2 c6 4. e3 e6 5. Bd3 Bd6 6. f4 Nbd7 7. Qf3 Qb6 8. Rb1 c5 9. c3 a5 10. Nh3 a4 11. O-O c4 12. Bc2 Be7 13. Kh1 Qd6 14. Bh4 h6 15. Bg3 Qc6 16. Nf2 b5 17. e4 b4 18. e5 Ng8 19. f5 Bb7 20. fxe6 fxe6 21. Ng4 O-O-O 22. Qf7 g5 23. Qg7 h5 24. Qxh8 Ngf6 25. Qxd8+ Bxd8 26. Nxf6 Qc7 27. Bxa4 Nf8 28. Nxh5 Ng6 29. Nf6 Qg7 30. Bd7+ Kb8 31. Bxe6 Bc8 32. Bxd5 Nf4 33. Bxf4 gxf4 34. Rxf4 Bb7 35. Bxb7 Kxb7 36. Nxc4 bxc3 37. bxc3+ Kc6 38. Nd6 Qg5 39. Rf3 Qg6 40.
Rbf1 Bxf6 41. Rxf6 Qc2 42. Ne4+ Kd5 43. R6f4 Qxa2 44.
Nf6+ Kc4 45. e6 Qa7 46. d5+ Kxc3 47. d6 Qc5 48. e7 Qxd6 49. e8=Q Qd3 50. Qc8+ Kb3 51.
Qb7+ Kc2 52. Qb1+ Kc3 53. Rc1+ Kd2 54. Qb2+ Ke3 55. Rf3# 1-0

[Event "Early-Titled-Tuesday-Blitz-September-05-2023"]
[Site "Chess.com"]
[Date "2023.09.05"]
[Round "7"]
[White "Jospem"]
[Black "BlueWizzard"]
[Result "0-1"]
[WhiteElo "3039"]
[BlackElo "2916"]
[TimeControl "180+1"]
[EndTime "9:16:27 PDT"]
[Termination "BlueWizzard won on time"]

1. e4 e5 2. Nf3 Nc6 3. Nc3 Bb4 4. Bc4 Nf6 5. d3 h6 6. O-O d6 7. h3 g5 8. Nh2 Rg8 9. Nd5 g4 10. Nxf6+ Qxf6 11. Nxg4 Bxg4 12. hxg4 Bc5 13. c3 Qh4 14. Qf3 Nd8 15. g3 Qh3 16. b4 Bb6 17. Be3 Rxg4 18.
Bxb6 axb6 19. Qg2 Qh5 20. Bb3 Qg6 21. d4 f6 22. dxe5 fxe5 23. Bd1 Rg5 24. Bb3 Ne6 25.
Bxe6 Qxe6 26. a4 h5 27. Rfe1 h4 28. Re3 Qd7 29. a5 Ke7 30. Kf1 bxa5 31. Qh2 h3 32. g4 Qb5+ 33. Ke1 Rxg4 34. Qxh3 Rg1+ 35. Kd2 Rxa1 36. Qh7+ Kd8 37. Qh4+ Kd7 38. Qh3+ Kc6 39. Qe6 axb4 40. cxb4 R8a2+ 41. Kc3 Rc1+ 0-1

[Event "Early-Titled-Tuesday-Blitz-September-05-2023"]
[Site "Chess.com"]
[Date "2023.09.05"]
[Round "7"]
[White "TimofeevAr"]
[Black "Kurai"]
[Result "0-1"]
[WhiteElo "2853"]
[BlackElo "2719"]
[TimeControl "180+1"]
[EndTime "9:16:27 PDT"]
[Termination "Kurai won by resignation"]

1. c4 e6 2. e4 d5 3. e5 dxc4 4. Bxc4 c5 5. Nf3 Ne7 6. O-O Ng6 7. Nc3 Be7 8. d3 O-O 9. Re1 Nc6 10. g3 a6 11. a4 Qc7 12. Qe2 Nd4 13. Nxd4 cxd4 14.
Nb1 b6 15. Nd2 Bb7 16. f4 Bb4 17. Rf1 Bxd2 18. Bxd2 Qc6 19. Kf2 Ne7 20. g4 Nd5 21. Kg3 b5 22. axb5 axb5 23. Rxa8 Rxa8 24. Bb3 Ne3 25.
Bxe3 dxe3 26. Re1 h6 27. h4 Rd8 28. Bc2 Rd4 29. Rg1 Rb4 30. Bb1 Qc5 31. Re1 Qd5 32. Rg1 Qd4 33. Qf1 Rxb2 34. f5 e2 35. Qf2 Qxf2+ 36. Kxf2 e1=Q+ 37. Kxe1 Rxb1+ 0-1

[Event "Early-Titled-Tuesday-Blitz-September-05-2023"]
[Site "Chess.com"]
[Date "2023.09.05"]
[Round "7"]
[White "Andrei_Skvortsov"]
[Black "guillembaches"]
[Result "1/2-1/2"]
[WhiteElo "2638"]
[BlackElo "2526"]
[TimeControl "180+1"]
[EndTime "9:16:27 PDT"]
[Termination "Game drawn - insufficient material"]

1. e4 d5 2. e5 c5 3. c3 d4 4. cxd4 cxd4 5. Bb5+ Nc6 6. Bxc6+ bxc6 7. Nf3 Qd5 8. O-O Bg4 9. d3 Bxf3 10. Qxf3 Qxf3 11.
gxf3 Nh6 12. Bxh6 gxh6 13. Nd2 Rg8+ 14. Kh1 f5 15. Nb3 Rd8 16. Rac1 Rg6 17. Rg1 Re6 18. f4 h5 19. Rg5 Bh6 20. Rxf5 Rg6 21. Rg1 Rd5 22. Rxh5 Bxf4 23. Rxh7 Rxg1+ 24. Kxg1 Bxe5 25. Rh5 Kf7 26. f4 Bxf4 27. Rxd5 cxd5 28. Kg2 e5 29. Nc5 Kg6 30. h3 Kf5 31. Kf3 Bc1 32. b3 Ba3 33.
Nb7 e4+ 34. Ke2 Kf4 35. Nd8 Kg3 36. Ne6 Bb2 37. Nc7 Kxh3 38. Nxd5 e3 39. Nb4 Kg4 40. Nc6 a5 41. Nxa5 Kf5 42. Nc4 Bc3 43. a4 Ke6 44. Na3 Kd5 45. Nb5 Bb4 46. Kf3 Kc5 47. Nc7 Kd6 48. Ne8+ Kc5 49. Ng7 Bc3 50. a5 Bxa5 51. Ne6+ Kb4 52. Nxd4 Kc3 53. Ke4 Bb6 54. Ne2+ Kxb3 55. d4 Bxd4 56. Kxd4 Ka4 57. Kxe3 1/2-1/2

[Event "Early-Titled-Tuesday-Blitz-September-05-2023"]
[Site "Chess.com"]
[Date "2023.09.05"]
[Round "7"]
[White "Aevengho"]
[Black "Ducke13"]
[Result "0-1"]
[WhiteElo "2522"]
[BlackElo "2434"]
[TimeControl "180+1"]
[EndTime "9:16:27 PDT"]
[Termination "Ducke13 won on time"]

1. e4 c5 2. Nf3 d6 3. Nc3 Nf6 4. d4 cxd4 5. Nxd4 a6 6. h3 e5 7. Nde2 h5 8. g3 Be7 9. Bg2 Be6 10. O-O Nbd7 11. a4 Rc8 12. Be3 Nb6 13. b3 d5 14. Bxb6 Qxb6 15. Nxd5 Nxd5 16. exd5 Bd7 17. c4 f5 18. a5 Qd6 19. Nc3 h4 20. g4 fxg4 21.
hxg4 h3 22. Bf3 O-O 23. Kh1 e4 24. Bxe4 Qe5 25. Qd2 Rf3 26. d6 Rxc3 27. dxe7 Qxe4+ 28. f3 Rxf3 29. Rxf3 Qxf3+ 30. Kh2 Bc6 31. Re1 Re8 32. Rg1 Rxe7 0-1

[Event "Early-Titled-Tuesday-Blitz-September-05-2023"]
[Site "Chess.com"]
[Date "2023.09.05"]
[Round "7"]
[White "Fengwi"]
[Black "Khromkin"]
[Result "1-0"]
[WhiteElo "2383"]
[BlackElo "2389"]
[TimeControl "180+1"]
[EndTime "9:16:27 PDT"]
[Termination "Fengwi won on time"]

1. Nf3 c5 2. b3 Nc6 3. Bb2 d6 4. d4 cxd4 5. Nxd4 Nf6 6. g3 Qa5+ 7.
Qd2 Qxd2+ 8. Nxd2 Bd7 9. Bg2 Rc8 10. c4 Nxd4 11. Bxd4 Bc6 12. Bxc6+ bxc6 13. O-O c5 14.
Bxf6 gxf6 15. e4 h5 16. Nf3 e6 17. Rad1 Be7 18. Nh4 Kd7 19. f4 Kc6 20. f5 Rhg8 21.
Ng2 Rg4 22. Rf4 a5 23. Kf2 a4 24.
h3 Rg5 25. h4 Rgg8 26. Rf3 axb3 27. axb3 Kd7 28. Nf4 Rh8 29. Ra1 Ra8 30. Rxa8 Rxa8 31. Nxh5 1-0

[Event "Early-Titled-Tuesday-Blitz-September-05-2023"]
[Site "Chess.com"]
[Date "2023.09.05"]
[Round "7"]
[White "LoaySameer"]
[Black "CheckThis4"]
[Result "0-1"]
[WhiteElo "2543"]
[BlackElo "2666"]
[TimeControl "180+1"]
[EndTime "9:16:31 PDT"]
[Termination "CheckThis4 won by resignation"]

1. Nf3 g6 2. g3 Bg7 3. Bg2 e5 4. O-O Nc6 5. c4 Nge7 6. Nc3 O-O 7. e3 d6 8. d4 a6 9. b3 Bg4 10.
h3 Bxf3 11. Bxf3 exd4 12. exd4 Nxd4 13. Bxb7 Rb8 14. Bg2 Re8 15. Bb2 Qd7 16. Nd5 c5 17. Bxd4 cxd4 18. Qd3 Nxd5 19. cxd5 Qb5 20. Qxb5 axb5 21.
Rfe1 Kf8 22. Rxe8+ Kxe8 23. Be4 Kd7 24. Bd3 b4 25. Rc1 Ra8 26. Rc2 Ra5 27. Bc4 d3 28.
Rd2 Bc3 29. Rxd3 Rxa2 30. Re3 Bd4 31. Rf3 f6 32. g4 Rd2 33. Kg2 Kc7 34. h4 h6 35. h5 gxh5 36. gxh5 Kb6 37. Kg3 Kc5 38. Rf5 Rc2 39. Kf4 Rxc4 40. bxc4 b3 41. Ke4 b2 42.
Rf3 b1=Q+ 43. Kf4 Qc1+ 44. Kg3 Qg5+ 45. Kh2 Qxh5+ 46. Rh3 Be5+ 47. Kg2 Qg4+ 0-1

[Event "Early-Titled-Tuesday-Blitz-September-05-2023"]
[Site "Chess.com"]
[Date "2023.09.05"]
[Round "7"]
[White "GeorgiosSouleidis"]
[Black "McCarthyStone"]
[Result "1-0"]
[WhiteElo "2539"]
[BlackElo "2422"]
[TimeControl "180+1"]
[EndTime "9:16:33 PDT"]
[Termination "GeorgiosSouleidis won by checkmate"]

1. e4 e5 2. Nc3 d6 3. Nf3 Nf6 4.
d4 exd4 5. Nxd4 g6 6. Be3 Bg7 7. Qd2 O-O 8. O-O-O Nc6 9. f3 Nxd4 10. Bxd4 Be6 11.
Kb1 c5 12. Be3 Qa5 13. g4 b5 14. Nd5 Qa6 15. b3 Bxd5 16. exd5 Rfe8 17. h4 Rab8 18.
Bf4 c4 19. h5 Rb6 20. hxg6 fxg6 21. Qb4 Nd7 22. g5 Qb7 23. Bh3 Nc5 24. Rhe1 Rf8 25. Bxd6 Na6 26. Be6+ Kh8 27. Bxf8 Nxb4 28. Bxb4 cxb3 29. axb3 a5 30. d6 Rxd6 31. Bxd6 a4 32.
Be5 Bxe5 33. Rxe5 Qxf3 34. Rd8+ Kg7 35. Rg8# 1-0

[Event "Early-Titled-Tuesday-Blitz-September-05-2023"]
[Site "Chess.com"]
[Date "2023.09.05"]
[Round "7"]
[White "NowInChess"]
[Black "Chessdude1987"]
[Result "0-1"]
[WhiteElo "2267"]
[BlackElo "2432"]
[TimeControl "180+1"]
[EndTime "9:16:33 PDT"]
[Termination "Chessdude1987 won on time"]

1. e4 e6 2. d4 d5 3. exd5 exd5 4. c4 Nf6 5. Nc3 Bb4 6. Nf3 O-O 7. Bd3 Nc6 8. O-O dxc4 9. Bxc4 Bg4 10. Be3 Qd7 11. a3 Ba5 12. Bb5 Bxf3 13. Qxf3 Nxd4 14. Bxd4 Qxd4 15. Qxb7 Bb6 16. Qf3 Ng4 17. Rad1 Ne5 18. Qf5 g6 19. Rxd4 gxf5 20. Rf4 Ng4 21. Rxf5 Nxf2 22. R5xf2 Rad8 23. Kh1 Bxf2 24. Rxf2 Rd4 25. g3 Rfd8 26. Kg2 Rd2 27. Ne4 Rxf2+ 28. Kxf2 f5 29. Ng5 Rd2+ 30. Ke3 Rxb2 31. Bc4+ Kg7 32. h4 h6 33. Ne6+ Kf6 34. Nxc7 Ke5 35. Nb5 Rg2 36. Kf3 Rc2 37. Bd3 Rd2 38. Ke3 Ra2 39. Bc4 Rc2 40.
Bd3 Rc5 0-1

[Event "Early-Titled-Tuesday-Blitz-September-05-2023"]
[Site "Chess.com"]
[Date "2023.09.05"]
[Round "7"]
[White "colegiodemadrid"]
[Black "bescmelasti"]
[Result "0-1"]
[WhiteElo "2458"]
[BlackElo "2608"]
[TimeControl "180+1"]
[EndTime "9:16:34 PDT"]
[Termination "bescmelasti won by checkmate"]

1. e4 e6 2. d4 d5 3. e5 c5 4.
c3 Nc6 5. Nf3 Qb6 6. a3 c4 7.
Nbd2 Bd7 8. Be2 Nge7 9. Rb1 Qc7 10. O-O Na5 11. g3 Nc8 12. h4 Nb6 13. Qe1 Ba4 14. Bd1 Bxd1 15. Qxd1 Be7 16. Re1 O-O-O 17. Nf1 Kb8 18.
Bf4 Ka8 19. N1d2 Qc6 20. Qe2 h6 21. Be3 Rc8 22. Rec1 f5 23. h5 Rhg8 24. Kg2 Rc7 25. Rh1 Na4 26. Kg1 Qe8 27. Ne1 Rc6 28. Nf1 Rb6 29. Qc2 Qb5 30. Nd2 Nb3 31. Ng2 Nxd2 32. Bxd2 Qb3 33. Qxb3 Rxb3 34. Nf4 Bg5 35. Nxe6 Bxd2 36.
Nc7+ Kb8 37. Nxd5 Rxb2 38. Rxb2 Nxb2 39. Kg2 Na4 40. Ne7 Rf8 41. Ng6 Re8 42. d5 Bxc3 43. e6 Nb6 44. Rd1 Bb2 45. e7 c3 46. d6 c2 47. d7 Nxd7 48. Rxd7 c1=Q 49. Rd8+ Qc8 50.
Rxc8+ Kxc8 51. a4 Ba3 52. Nh4 Bxe7 53. Nxf5 Bf6 54. Nd6+ Kd7 55. Nxe8 Kxe8 56. Kf3 a6 57. Ke4 b5 58. axb5 axb5 59. Kd5 b4 60. Kc4 Be7 61. f4 Kf7 62. g4 Kf6 63. Kb3 Ke6 64. g5 hxg5 65.
fxg5 Bxg5 66. Kxb4 Kf5 67. Kc4 Kg4 68. Kd5 Kxh5 69. Ke4 Bf6 70. Kf3 g5 71. Kg2 g4 72.
Kh1 Be5 73. Kg2 Kh4 74. Kh1 g3 75. Kg2 Kg4 76. Kh1 Kf3 77. Kg1 Bd4+ 78. Kh1 g2+ 79. Kh2 g1=Q+ 80. Kh3 Qg4+ 81. Kh2 Qg2# 0-1

[Event "Early-Titled-Tuesday-Blitz-September-05-2023"]
[Site "Chess.com"]
[Date "2023.09.05"]
[Round "7"]
[White "ferrufino64"]
[Black "realburq"]
[Result "1-0"]
[WhiteElo "2163"]
[BlackElo "2380"]
[TimeControl "180+1"]
[EndTime "9:16:34 PDT"]
[Termination "ferrufino64 won by checkmate"]

1. e4 c6 2. d4 g6 3. Nf3 Bg7 4. Nc3 d5 5. h3 dxe4 6. Nxe4 Nd7 7. Bc4 Ndf6 8. Ng3 Nh6 9. Qe2 Nf5 10. Nxf5 Bxf5 11. O-O O-O 12. Re1 Nd5 13. c3 Re8 14. Bg5 Qb6 15. Rad1 h6 16. Bh4 Nf4 17. Qd2 Nd5 18.
Ne5 Rad8 19. Bxd5 Rxd5 20. Nc4 Qa6 21. Ne3 Ra5 22. a3 Be6 23. Re2 Rd8 24. Bxe7 Rd7 25. Bb4 Rg5 26. f4 Rh5 27. f5 Bb3 28. Rf1 b6 29. Qe1 Qc8 30. Ng4 Rd8 31. f6 Bf8 32. Be7 Re8 33. Re5 Bc4 34. Rf2 Rxe5 35. Qxe5 Bd5 36.
Qe3 h5 37. Nh6+ Bxh6 38. Qxh6 Rxe7 39. Qg7# 1-0

[Event "Early-Titled-Tuesday-Blitz-September-05-2023"]
[Site "Chess.com"]
[Date "2023.09.05"]
[Round "7"]
[White "AlexandraSamaganova"]
[Black "abelmat"]
[Result "1-0"]
[WhiteElo "2275"]
[BlackElo "1954"]
[TimeControl "180+1"]
[EndTime "9:16:34 PDT"]
[Termination "AlexandraSamaganova won on time"]

1. c4 Nf6 2. Nc3 e6 3. e4 Bb4 4.
e5 Bxc3 5. bxc3 Ng8 6. Qg4 g6 7. d4 Nc6 8. Bg5 Nce7 9. d5 h5 10. Qh4 c6 11. d6 Qa5 12. Qd4 Nf5 13. Qd2 b6 14. Nf3 Ba6 15. Bd3 Rc8 16. O-O c5 17. Rfe1 Bb7 18. Nh4 Nxh4 19. Bxh4 Nh6 20. Bg5 Nf5 21.
Bf6 Rg8 22. h3 Qa4 23. Bh4 b5 24. Qg5 a5 25. Rab1 1-0

[Event "Early-Titled-Tuesday-Blitz-September-05-2023"]
[Site "Chess.com"]
[Date "2023.09.05"]
[Round "7"]
[White "play1ngtheangel"]
[Black "szachuspl"]
[Result "1-0"]
[WhiteElo "2671"]
[BlackElo "2545"]
[TimeControl "180+1"]
[EndTime "9:16:35 PDT"]
[Termination "play1ngtheangel won on time"]

1. e4 c6 2. Nf3 d5 3. Nc3 Bg4 4. h3 Bxf3 5. Qxf3 e6 6. d4 Nf6 7.
Bg5 Be7 8. exd5 cxd5 9. Bd3 Nc6 10. Be3 O-O 11. g4 Qb6 12. g5 Nd7 13. O-O-O Rac8 14. h4 Nb4 15. h5 Nxd3+ 16. Rxd3 Bb4 17. Bd2 Qc7 18. Qh3 Nb6 19. g6 Nc4 20. h6 fxg6 21.
hxg7 Qxg7 22. Qxe6+ Qf7 23. Qh3 Nxd2 24. Rxd2 Bxc3 25.
bxc3 Rc7 26. Re2 Rfc8 27. Qh4 Rf8 28. Kb1 Qf6 29. Qh3 Qf5 30. Qh2 Rfc8 31. Re5 Qf7 32.
Qh4 h5 33. Rg1 Rxc3 34. Qxh5 R8c6 35. Qh4 Qf6 36. Qh6 Rc8 37. Rxg6+ 1-0

[Event "Early-Titled-Tuesday-Blitz-September-05-2023"]
[Site "Chess.com"]
[Date "2023.09.05"]
[Round "7"]
[White "wild3000"]
[Black "Zarinur"]
[Result "1-0"]
[WhiteElo "2325"]
[BlackElo "2503"]
[TimeControl "180+1"]
[EndTime "9:16:35 PDT"]
[Termination "wild3000 won on time"]

1. a3 g6 2. h4 h5 3. e4 Bg7 4. d4 d6 5. Bc4 Nd7 6. Nf3 Nb6 7. Bb3 d5 8. Nc3 Nf6 9. e5 Ng4 10. Ne2 c6 11. a4 a5 12. c3 Bf5 13.
Ng3 e6 14. Bg5 Qd7 15. Qd2 Rc8 16. O-O O-O 17. Nxf5 exf5 18. Ne1 Kh7 19. Nd3 Qe8 20. Nc5 Rc7 21. f3 Nh6 22. Rfe1 Nd7 23. Nd3 Rg8 24. c4 dxc4 25. Bxc4 Nb6 26. Bb3 Nd5 27. Qxa5 b6 28. Qd2 Qd7 29. Rad1 Ra8 30. Qe2 Ng8 31. Qc2 Nge7 32.
Qb1 Bh6 33. Bxh6 Kxh6 34. Re2 Kg7 35. Qc1 Qe6 36. Qg5 1-0

[Event "Early-Titled-Tuesday-Blitz-September-05-2023"]
[Site "Chess.com"]
[Date "2023.09.05"]
[Round "7"]
[White "Murad_Ibrahimli"]
[Black "venturov"]
[Result "1-0"]
[WhiteElo "2852"]
[BlackElo "2435"]
[TimeControl "180+1"]
[EndTime "9:16:36 PDT"]
[Termination "Murad_Ibrahimli won on time"]

1. d4 Nf6 2. c4 d6 3. Nc3 Nbd7 4.
e4 e5 5. Nge2 g6 6. f3 Bg7 7.
Be3 O-O 8. Qd2 c6 9. O-O-O a6 10. dxe5 dxe5 11. c5 Qa5 12. Kb1 Nxc5 13. Nd5 Qxd2 14. Ne7+ Kh8 15. Rxd2 Ne6 16. Nxc8 Raxc8 17. Bb6 c5 18. Nc3 Nd4 19. a4 Nd7 20. Nd5 Rc6 21. a5 Nxb6 22. Nxb6 f5 23. Bc4 fxe4 24. fxe4 Bh6 25.
Rdd1 Rf2 26. Bd5 Rcf6 27. Bxb7 Rxg2 28. Bxa6 Rff2 29. Na4 Nb3 30. Rd8+ Kg7 31. Rd7+ Kf6 32. Bf1 Rxh2 33. Rxh2 Rxh2 34. a6 Rh1 35. Rd1 Nd2+ 36. Rxd2 Rxf1+ 37. Ka2 Bxd2 38. a7 Be3 39. a8=Q Rf2 40.
Nxc5 Bxc5 41. Qc6+ Kg5 42. Qxc5 1-0

[Event "Early-Titled-Tuesday-Blitz-September-05-2023"]
[Site "Chess.com"]
[Date "2023.09.05"]
[Round "7"]
[White "baki83"]
[Black "onnoelgersma"]
[Result "1-0"]
[WhiteElo "2815"]
[BlackElo "2585"]
[TimeControl "180+1"]
[EndTime "9:16:36 PDT"]
[Termination "baki83 won by resignation"]

1. e4 c6 2. Nf3 d5 3. d3 g6 4. e5 Bg7 5. d4 Bg4 6. Nbd2 e6 7. h3 Bxf3 8. Nxf3 h5 9. c3 Nd7 10. Bd3 Bh6 11. Bxh6 Nxh6 12. g4 Qb6 13. Qd2 O-O-O 14. Rg1 Ng8 15. Ng5 Rf8 16. b4 Qd8 17. Bxg6 fxg6 18.
Nxe6 Qe7 19. Nxf8 Nxf8 20. O-O-O g5 21. gxh5 Ne6 22. h4 gxh4 23. Rg6 Qf7 24. Rdg1 h3 25. f4 Nxf4 26. Rf1 Rxh5 27. Rg4 h2 28. Rgxf4 h1=Q 29. Rxf7 Qe4 30. Rf8+ Kc7 31. Rxg8 Rh3 32. Re1 Qh7 33.
Rg2 Rd3 34. Qc2 Qh6+ 35. Kb2 Rh3 36. Rge2 a5 37. e6 axb4 38. cxb4 Qf6 39. Qd2 Qf3 40.
e7 Qa3+ 41. Ka1 Rd3 42. Qb2 1-0

[Event "Early-Titled-Tuesday-Blitz-September-05-2023"]
[Site "Chess.com"]
[Date "2023.09.05"]
[Round "7"]
[White "jk13"]
[Black "Sjakkerntobi"]
[Result "1-0"]
[WhiteElo "2673"]
[BlackElo "2482"]
[TimeControl "180+1"]
[EndTime "9:16:37 PDT"]
[Termination "jk13 won by resignation"]

1. Nf3 d5 2. g3 Nc6 3. Bg2 e5 4. d3 Be7 5. O-O Be6 6. c4 dxc4 7. Qa4 Bd7 8. Qxc4 Nf6 9. a3 O-O 10. b4 a6 11. Bb2 Be6 12. Qc2 Bd6 13. Nbd2 Qe7 14.
Rac1 Rad8 15. Nc4 Bd5 16. e4 Bxc4 17. dxc4 Qe6 18. Rcd1 Be7 19. Rd5 Nxd5 20. cxd5 Nxb4 21. axb4 Qb6 22. Bxe5 Qxb4 23. Rb1 Qa3 24. Rxb7 Bd6 25. Bb2 Qa2 26. e5 Rb8 27. Rxb8 Rxb8 28. exd6 Rxb2 29.
Qxc7 h6 30. d7 Rxf2 31. d8=Q+ Kh7 32. Bf1 Rxf3 33. Qc5 Qd2 34. Qdc7 Qe1 35. Qc2+ g6 36. Qe2 Qc3 37. Qxc3 1-0

[Event "Early-Titled-Tuesday-Blitz-September-05-2023"]
[Site "Chess.com"]
[Date "2023.09.05"]
[Round "7"]
[White "Mariia89"]
[Black "JamalStockton"]
[Result "0-1"]
[WhiteElo "1968"]
[BlackElo "2272"]
[TimeControl "180+1"]
[EndTime "9:16:38 PDT"]
[Termination "JamalStockton won on time"]

1. d4 Nf6 2. Nf3 g6 3. c4 Bg7 4. Nc3 d5 5. Bg5 Ne4 6. cxd5 Nxg5 7. Nxg5 e6 8. Nf3 exd5 9. e4 dxe4 10. Nxe4 O-O 11.
Be2 Bf5 12. Nc3 Nc6 13. d5 Ne7 14. Bc4 c6 15. dxc6 Nxc6 16. O-O Ne5 17. Bd5 Nxf3+ 18. Qxf3 Qb6 19. Na4 Qb4 20. Qb3 Qxb3 21. axb3 Rab8 22. h3 b6 23. g4 Bd3 24. Rfd1 Bb5 25. Nc3 Bd7 26. Rxa7 Bc8 27. Bf3 b5 28. Rd2 Be6 29. Bd5 Rfd8 30. Rc7 Bxc3 31. bxc3 Rxd5 32. Re2 Rd1+ 33.
Kh2 Bxb3 34. Ree7 Be6 35. Kg3 Rd3+ 36. Kh2 Bc4 0-1

[Event "Early-Titled-Tuesday-Blitz-September-05-2023"]
[Site "Chess.com"]
[Date "2023.09.05"]
[Round "7"]
[White "merinasian"]
[Black "WiktoriaPOL"]
[Result "1-0"]
[WhiteElo "2437"]
[BlackElo "2283"]
[TimeControl "180+1"]
[EndTime "9:16:39 PDT"]
[Termination "merinasian won on time"]

1. d4 Nf6 2. Nf3 g6 3. g3 Bg7 4. Bg2 O-O 5. O-O d6 6. b3 Nc6 7. Bb2 Bg4 8. h3 Bf5 9. Nfd2 e5 10. e4 Bd7 11. d5 Ne7 12. c4 Qc8 13. Kh2 Ne8 14.
Nc3 f5 15. c5 dxc5 16. Rc1 f4 17. Nc4 Nd6 18. g4 Qe8 19. f3 g5 20. Nb1 Nxc4 21.
Rxc4 Bb5 22. Rxc5 Bxf1 23. Bxf1 Qd7 24. Nd2 Ng6 25. Qc2 Rac8 26. Bb5 Qd8 27. b4 a6 28.
Ba4 Nh4 29. Bb3 Kh8 30. Qd3 c6 31. d6 Qd7 32. Rxe5 Rfe8 33. Rxe8+ Rxe8 34. Bxg7+ Kxg7 35. Qd4+ Kg6 36. e5 Rd8 37. Bc2+ Kf7 38. Qe4 h6 39. Nc4 1-0

[Event "Early-Titled-Tuesday-Blitz-September-05-2023"]
[Site "Chess.com"]
[Date "2023.09.05"]
[Round "7"]
[White "mamey78"]
[Black "Fleetw00dMac"]
[Result "1-0"]
[WhiteElo "2628"]
[BlackElo "2460"]
[TimeControl "180+1"]
[EndTime "9:16:40 PDT"]
[Termination "mamey78 won by checkmate"]

1. e4 e5 2. Nf3 Nc6 3. Bb5 a6 4. Ba4 Nf6 5. O-O Nxe4 6. d4 Be7 7.
Qe2 b5 8. Bb3 d5 9. dxe5 Be6 10.
Rd1 Nc5 11. c4 d4 12. cxb5 Bxb3 13. axb3 Nxb3 14. Rxa6 Nb4 15. Rxa8 Qxa8 16. Bf4 d3 17. Qe1 Qd5 18. Nc3 Qc4 19. Bg5 Bxg5 20. Nxg5 h6 21.
Nge4 O-O 22. Qe3 Re8 23. Qg3 Kh8 24. h3 Qd4 25. Qf4 Kg8 26. Qg3 Qxe5 27. Qf3 f5 28. Ng3 Nd4 29. Qb7 f4 30. Nge4 Ne2+ 31. Kh1 f3 32. g3 Qf5 33. Kh2 h5 34. Qxc7 Rxe4 35. Nxe4 Qxe4 36. b6 Qd4 37. Rf1 Nd5 38. Qd8+ Kh7 39.
b7 d2 40. b8=Q d1=Q 41. Qh8+ Kg6 42. Qbe8+ Kf5 43. Qhxh5+ Kf6 44. Qhf7+ Kg5 45. Qg6# 1-0

[Event "Early-Titled-Tuesday-Blitz-September-05-2023"]
[Site "Chess.com"]
[Date "2023.09.05"]
[Round "7"]
[White "Actuary44"]
[Black "Cheer_Down"]
[Result "0-1"]
[WhiteElo "2524"]
[BlackElo "2446"]
[TimeControl "180+1"]
[EndTime "9:16:40 PDT"]
[Termination "Cheer_Down won on time"]

1. e4 c5 2. d4 cxd4 3. c3 Nf6 4. Bd3 Nc6 5. f4 d5 6. e5 Ne4 7. Nf3 dxc3 8. Nxc3 Nxc3 9. bxc3 Bg4 10. O-O e6 11. Kh1 Be7 12. Qe1 Bxf3 13. Rxf3 g6 14. Rb1 b6 15. Bb5 Rc8 16. Rh3 O-O 17. Qd2 d4 18. f5 dxc3 19. Qf2 Qd1+ 20. Bf1 exf5 21. Rd3 Qh5 22. Rxc3 Nxe5 23. Rxc8 Rxc8 24. Bb2 Ng4 25. Qg3 Bh4 26. Qd6 Be7 27. Qg3 Bc5 28. h3 Nf2+ 29. Kh2 Ne4 30. Qf4 Bd6 31. Be5 Qg5 32.
Bxd6 Qf6 33. Be5 Qe6 34. Ba6 Rc2 35. Rd1 h6 0-1

[Event "Early-Titled-Tuesday-Blitz-September-05-2023"]
[Site "Chess.com"]
[Date "2023.09.05"]
[Round "7"]
[White "Mesa_1"]
[Black "TanitoluwaAps116"]
[Result "0-1"]
[WhiteElo "2574"]
[BlackElo "2781"]
[TimeControl "180+1"]
[EndTime "9:16:41 PDT"]
[Termination "TanitoluwaAps116 won on time"]

1. d4 Nf6 2. Nf3 e6 3. Bf4 d5 4. e3 Bd6 5. Nbd2 O-O 6. c3 c5 7. Bd3 Qc7 8. Ne5 Nbd7 9. Ndf3 b6 10. h4 Bb7 11. h5 Ne4 12. h6 g6 13. Nxd7 Qxd7 14.
Bxe4 Bxf4 15. dxc5 Qe7 16. Bc2 Bc7 17. cxb6 axb6 18.
O-O Rad8 19. Qe2 Qd6 20. e4 Qf4 21. Rfe1 Qxh6 22. e5 f6 23. Rad1 Rde8 24. Rd4 fxe5 25. Nxe5 Qg7 26. Rg4 Rf5 27. f4 Bxe5 28. fxe5 Rh5 29.
Rg3 Qh6 30. Rf3 d4 31. Rf6 Rh1+ 32. Kf2 Qh4+ 0-1

[Event "Early-Titled-Tuesday-Blitz-September-05-2023"]
[Site "Chess.com"]
[Date "2023.09.05"]
[Round "7"]
[White "NovikovaGalina"]
[Black "hongnhung1234"]
[Result "1-0"]
[WhiteElo "2423"]
[BlackElo "2515"]
[TimeControl "180+1"]
[EndTime "9:16:41 PDT"]
[Termination "NovikovaGalina won on time"]

1. e4 c5 2. Nf3 e6 3. b4 cxb4 4. a3 d5 5. e5 d4 6. axb4 Bxb4 7. Bd3 Ne7 8. c3 dxc3 9. dxc3 Bc5 10. O-O Ng6 11.
Qe2 O-O 12. h4 Nxh4 13. Bxh7+ Kxh7 14. Ng5+ Kg6 15. Qg4 f5 16. Qxh4 Rh8 17. Qg3 Qb6 18. Nxe6+ Kf7 19. Qxg7+ Kxe6 20. Qxh8 Nd7 21. Ba3 Nxe5 22.
Bxc5 Qxc5 23. Na3 b6 24. Qh6+ Kf7 25. Qh5+ Kf6 26. Rfd1 Bb7 27. Qh6+ Kf7 28. Rd6 Nf3+ 29. Kh1 Qxd6 30. Qh7+ Kf6 31. Nb5 Qf4 32. g3 Ng5+ 33. Kg1 1-0

[Event "Early-Titled-Tuesday-Blitz-September-05-2023"]
[Site "Chess.com"]
[Date "2023.09.05"]
[Round "7"]
[White "infinitegiantkiller"]
[Black "Nick12772"]
[Result "1-0"]
[WhiteElo "2482"]
[BlackElo "2320"]
[TimeControl "180+1"]
[EndTime "9:16:45 PDT"]
[Termination "infinitegiantkiller won by resignation"]

1. Nf3 Nf6 2. g3 g6 3. Bg2 Bg7 4. O-O O-O 5. b3 c5 6. Bb2 Nc6 7. d3 d6 8. Nbd2 Rb8 9. c4 a6 10. Rc1 b5 11. Qc2 b4 12. d4 a5 13. Rfd1 Qc7 14. e3 a4 15. bxa4 Bb7 16. dxc5 dxc5 17.
Nb3 Qb6 18. Ne5 Nxe5 19. Bxe5 Bxg2 20. Kxg2 Ra8 21. a5 Qb7+ 22. Kg1 Qc6 23. Bxf6 Bxf6 24. Rd5 h5 25. h4 Qa4 26. Rxc5 Rfc8 27. Rxc8+ Rxc8 28. c5 Bc3 29. Qe2 Ra8 30. Rc2 Qc6 31. Qc4 Rd8 32. Nd4 Qa4 33. Rc1 Qxa5 34. c6 Qe5 35. c7 Rc8 36. Nb5 Qf6 37. Nxc3 bxc3 38. Qxc3 Qb6 39. a4 Qa5 40. Qxa5 1-0